 Dungeon Crawl Stone Soup version 0.30-a0-782-ge64f9170bb (webtiles) character file.

Game seed: 17409868677729830184

15067 hikkokomori the Geomancer (level 12, -2/75 HPs)
             Began as a Gargoyle Earth Elementalist on Feb 18, 2023.
             Was a Believer of Vehumet.
             Slain by a komodo dragon (16 damage)
             ... on level 1 of the Lair of Beasts.
             The game lasted 00:33:42 (13250 turns).

hikkokomori the Geomancer (GrEE)                   Turns: 13250, Time: 00:33:42

Health: -2/75      AC: 18    Str: 11    XL:     12   Next: 23%
Magic:  18/21      EV: 12    Int: 20    God:    Vehumet [**....]
Gold:   954        SH:  0    Dex: 17    Spells: 15/23 levels left

rFire   . . .      SeeInvis .    e - staff of earth
rCold   . . .      Faith    .    (no shield)
rNeg    + + +      Spirit   .    t - +2 ring mail of Patience {Dex+5}
rPois   ∞          Reflect  .    G - +0 helmet
rElec   +          Harm     .    (no cloak)
rCorr   .          Rampage  .    (no gloves)
Will    .....                    (no boots)
Stlth   ++++                     o - amulet of regeneration
HPRegen 1.12/turn                u - ring of positive energy
MPRegen 0.17/turn                x - ring of positive energy

@: about to teleport, marked, hasted, very quick
A: sickness immunity, AC +8, negative energy resistance 1, electricity
resistance, torment resistance 1, petrification resistance
a: Renounce Religion


You were on level 1 of the Lair of Beasts.
You worshipped Vehumet.
Vehumet was pleased with you.
You visited 3 branches of the dungeon, and saw 13 of its levels.
You also visited: Sewer.

You collected 954 gold pieces.

Inventory:

Hand Weapons
 p - a +2 rapier of holy wrath
 r - a +3 scimitar of flaming
 E - a +2 dagger of venom
Missiles
 J - 3 throwing nets
 K - 5 javelins
Armour
 a - a +0 robe
 i - a +0 troll leather armour
 t - the +2 ring mail of Patience (worn) {Dex+5}
   (You found it on level 3 of the Dungeon)

   Dex:       It affects your dexterity (+5).
 G - a +0 helmet (worn)
 L - the +2 ring mail "Onipoboe" {*Slow +Blink Int+3}
   (You found it on level 11 of the Dungeon)

   Int:       It affects your intelligence (+3).
   +Blink:    It lets you blink.
   *Slow:     It may slow you when you take damage.
Magical Staves
 e - a staff of earth (weapon)
Jewellery
 o - an amulet of regeneration (around neck)
 u - a ring of positive energy (left hand)
 x - a ring of positive energy (right hand)
Wands
 v - a wand of iceblast (10)
 A - a wand of mindburst (8)
 C - a wand of flame (19)
 M - a wand of charming (3)
Scrolls
 c - a scroll of enchant armour
 j - 2 scrolls of amnesia
 l - 3 scrolls of teleportation
 m - 3 scrolls of vulnerability
 y - 5 scrolls of identify
 z - a scroll of fog
 B - a scroll of butterflies
 F - a scroll of blinking {unknown}
 I - a scroll of poison
Potions
 b - a potion of magic
 d - 5 potions of haste
 f - a potion of degeneration {unknown}
 g - 5 potions of invisibility
 h - 2 potions of might {unknown}
 k - 3 potions of cancellation
 n - a potion of berserk rage {unknown}
 q - 7 potions of heal wounds
 s - a potion of resistance {unknown}
 w - 4 potions of flight
 D - 2 potions of curing
 H - 3 potions of lignification


   Skills:
 + Level 8.9 Fighting
 - Level 4.0 Staves
 - Level 5.6 Armour
 + Level 5.0 Dodging
 + Level 8.9 Stealth
 - Level 6.0 Spellcasting
 - Level 6.5 Conjurations
 + Level 4.4 Necromancy
 - Level 1.1 Transmutations
 - Level 9.3 Earth Magic
 + Level 4.8 Evocations


You had 15 spell levels left.
You knew the following spells:

 Your Spells              Type           Power      Damage    Failure   Level
a - Sandblast             Erth           100%       2d20      1%          1
b - Stone Arrow           Conj/Erth      100%       3d13      2%          3
c - Animate Dead          Necr           23%        N/A       36%         4

Your spell library contained the following spells:

 Spells                   Type           Power      Damage    Failure   Level
 Static Discharge         Conj/Air       38%        2-4/arc   9%          2
 Kiss of Death            Conj/Necr      100%       2d13      2%          1
 Necrotise                Necr           92%        1d8       3%          1
 Passwall                 Tmut/Erth      33%        N/A       4%          2
 Vampiric Draining        Necr           23%        2d7       11%         3
 Beastly Appendage        Tmut           20%        N/A       14%         1
 Wereblood                Tmut           10%        N/A       22%         2
 Petrify                  Tmut/Erth      40%        N/A       26%         4
 Spider Form              Tmut/Pois      8%         N/A       47%         3


Dungeon Overview and Level Annotations

Branches:
Dungeon (11/15)            Temple (1/1) D:4            Lair (1/5) D:11
    Orc (0/2) D:11          Sewer (visited)

Altars:
Ashenzari
Cheibriados
Dithmenos
Elyvilon
Fedhas
Gozag
Hepliaklqana
Kikubaaqudgha
Makhleb
Nemelex Xobeh
Okawaru
Qazlal
Ru
Sif Muna
Trog
Uskayaw
Vehumet
Wu Jian
Xom
Yredelemnul
Zin
The Shining One

Shops:
D:8 ((

Annotations:
Lair:1 Poahonk's ghost, journeyman TrCK


Innate Abilities, Weirdness & Mutations

You are immune to sickness and miasma.
Your stone body is resilient. (AC +8)
You are immune to poison.
You resist negative energy. (rN+)
You are resistant to electric shocks. (rElec)
You are resistant to unholy torment.
You are immune to petrification.


Message History

You feel a surge of power!
The blast of sand hits the komodo dragon!
The komodo dragon is moderately wounded.
The bullfrog hits the bush but does no damage.
The cane toad stings you. The komodo dragon bites you!!
The cane toad stings you but does no damage.
The cane toad completely misses you.
The bullfrog hits the bush!
The polar bear bites you.
The polar bear claws you but does no damage.
The polar bear barely misses you. The komodo dragon barely misses you.
The cane toad closely misses you.
Unknown command.
Unknown command.
Unknown command.
The komodo dragon attacks as you move away!
The komodo dragon bites you but does no damage.
The bullfrog hits the bush but does no damage.
The cane toad stings you!
The bullfrog hits the bush but does no damage.
The komodo dragon attacks as you move away!
The komodo dragon bites you!!
* * * LOW HITPOINT WARNING * * *
The cane toad attacks as you move away! The cane toad stings you!
* * * LOW HITPOINT WARNING * * *
The cane toad barely misses you.
The polar bear bites the bush but does no damage.
The polar bear claws the bush but does no damage. x2
The cane toad closely misses you.
The water moccasin bites the bush but does no damage.
The bullfrog hits the bush but does no damage.
A black mamba comes into view.
The cane toad stings the bush!
As you read the scroll of teleportation, it crumbles to dust.
You feel strangely unstable.
The cane toad stings the bush but does no damage.
The komodo dragon misses you. The cane toad closely misses you.
You feel yourself speed up. The water moccasin barely misses you.
The cane toad stings the bush but does no damage.
The komodo dragon bites you!
You die...

~~~~.♣............#
~~~~.~P...........#
~~~~.~♣~..........+
♣~~~.~~♣♣##.##†#..#
♣P~~.~~ ♣......# ..
♣~≈~.~≈


♣.S.PPPPPPP ♣~~~.~~ ♣.hFP...... ~~.~♣~#FlSP.P.PPP ♣P..F@P.P.P ♣~~...P.P P
♣♣#...P.... ♣...P.PPP.P ♣##...P ..P.P ..P.P ..PPP You could see a polar bear, a
komodo dragon, a black mamba, 2 cane toads, a water moccasin and a bullfrog.

Vanquished Creatures
  Harold (D:10)
  Erica (D:8)
  A two-headed ogre (D:9)
  Pikel (D:8)
  5 unseen horrors
  An unseen horror zombie (D:9)
  A komodo dragon (Lair:1)
  2 trolls (D:10)
  Sigmund (D:5)
  A shadow (D:10)
  2 vampires (D:10)
  2 basilisks
  17 yaks
  A wyvern (D:9)
  A vampire mosquito (D:10)
  5 steam dragons
  Menkaure (D:5)
  2 acid dragons
  Edmund (D:5)
  Duvessa (D:5)
  7 water moccasins
  2 ice beasts
  2 sky beasts
  5 orc warriors
  5 black bears
  2 ogres (D:5)
  A phantom (D:6)
  4 centaurs
  3 lemures (D:8)
  7 bullfrogs
  5 kobold brigands
  6 necrophages
  2 scorpions
  8 wights
  Dowan (D:5)
  10 killer bees
  A centaur zombie (D:9)
  3 jellies
  6 hounds
  A human zombie (D:9)
  9 orc priests
  4 iguanas
  7 orc wizards
  3 mummies (D:9)
  A howler monkey zombie (D:9)
  5 gnolls
  6 adders
  3 river rats (D:5)
  3 white imps
  5 worms
  4 dart slugs
  40 orcs
  9 endoplasms
  A giant cockroach (D:1)
  6 goblins
  5 hobgoblins
  12 jackals
  4 quokkas
  10 ball pythons
  4 bats
  4 frilled lizards
  42 kobolds
  7 rats
323 creatures vanquished.

Vanquished Creatures (others)
  A two-headed ogre (D:10)
  2 bushes (Lair:1)
  2 fungi (D:11)
  10 plants
15 creatures vanquished.

Grand Total: 338 creatures vanquished

Notes
Turn   | Place    | Note
-------+----------+-------------------------------------------
     0 | D:1      | hikkokomori the Gargoyle Earth Elementalist began the quest
                  | for the Orb.
     0 | D:1      | Reached XP level 1. HP: 10/10 MP: 3/3
   126 | D:1      | Reached skill level 1 in Transmutations
   126 | D:1      | Reached XP level 2. HP: 11/15 MP: 1/5
   726 | D:1      | Reached XP level 3. HP: 19/19 MP: 4/6
   790 | D:1      | Reached skill level 4 in Earth Magic
  1409 | D:2      | Reached XP level 4. HP: 24/24 MP: 4/7
  1742 | D:3      | Identified the +2 ring mail of Patience {Dex+5}
  2204 | D:3      | Reached skill level 5 in Earth Magic
  2204 | D:3      | Reached XP level 5. HP: 28/28 MP: 6/8
  2969 | D:5      | Entered Level 5 of the Dungeon
  2980 | D:5      | Noticed a centaur
  2990 | D:5      | Noticed a black bear
  3036 | D:4      | Learned a level 3 spell: Stone Arrow
  3066 | D:5      | Killed a black bear
  3067 | D:5      | Reached skill level 1 in Fighting
  3067 | D:5      | Reached skill level 1 in Conjurations
  3067 | D:5      | Reached XP level 6. HP: 26/34 MP: 4/9
  3071 | D:5      | Reached skill level 5 in Stealth
  3074 | D:5      | Reached skill level 6 in Earth Magic
  3087 | D:5      | Noticed Sigmund
  3091 | D:5      | Reached XP level 7. HP: 39/39 MP: 2/11
  3097 | D:5      | HP: 2/40 [something/magic dart (5)]
  3097 | D:5      | Killed Sigmund
  3152 | D:5      | Noticed Dowan
  3159 | D:5      | Killed Dowan
  3165 | D:5      | Reached XP level 8. HP: 45/45 MP: 4/13
  3279 | D:5      | Noticed Menkaure
  3285 | D:5      | Noticed Duvessa
  3291 | D:5      | HP: 2/46 [Duvessa/+2 rapier of holy wrath (6)]
  3365 | D:5      | Killed Menkaure
  3366 | D:5      | Reached skill level 7 in Earth Magic
  3423 | D:5      | Noticed Edmund
  3451 | D:5      | Killed Edmund
  3500 | D:5      | Found a glowing drain.
  3505 | Sewer    | Entered a sewer
  4086 | D:5      | Found a stormy altar of Qazlal.
  4174 | D:5      | Found a blossoming altar of Fedhas.
  4227 | D:5      | Killed Duvessa
  4228 | D:5      | Reached XP level 9. HP: 31/52 MP: 1/15
  4417 | D:4      | Found a staircase to the Ecumenical Temple.
  4458 | Temple   | Entered the Ecumenical Temple
  4606 | Temple   | Became a worshipper of Kikubaaqudgha
  4796 | D:6      | Reached skill level 8 in Earth Magic
  4803 | D:6      | Reached skill level 5 in Conjurations
  4885 | D:6      | Reached skill level 5 in Fighting
  5011 | D:6      | Reached skill level 5 in Spellcasting
  6250 | D:7      | Reached * piety under Kikubaaqudgha
  6250 | D:7      | Received a gift from Kikubaaqudgha
  6256 | D:7      | Learned a level 4 spell: Animate Dead
  6322 | D:7      | Reached XP level 10. HP: 20/60 MP: 8/18
  6459 | D:7      | Reached skill level 9 in Earth Magic
  7193 | D:8      | Noticed Erica
  7202 | D:8      | Killed Erica
  7351 | D:8      | Reached skill level 1 in Armour
  7355 | D:8      | Reached skill level 1 in Necromancy
  7355 | D:8      | Reached skill level 1 in Evocations
  7669 | D:8      | Found Qywnoife's Weapon Shoppe.
  7677 | D:8      | Found Vemualoe's Weapon Shop.
  7708 | D:8      | Noticed Pikel
  7944 | D:8      | Killed Pikel
  8328 | D:8      | Reached ** piety under Kikubaaqudgha
  8626 | D:9      | Found a burning altar of Makhleb.
  8660 | D:9      | Reached XP level 11. HP: 67/67 MP: 17/20
  8762 | D:9      | Reached skill level 1 in Staves
  8780 | D:9      | Found a basalt altar of Yredelemnul.
  9168 | D:9      | Noticed a two-headed ogre
  9176 | D:9      | Killed a two-headed ogre
 10023 | D:4      | Found a radiant altar of Vehumet.
 10023 | D:4      | Found an ornate altar of the Wu Jian Council.
 10520 | D:4      | Fell from the grace of Kikubaaqudgha
 10520 | D:4      | Became a worshipper of Vehumet
 10700 | D:10     | Entered Level 10 of the Dungeon
 10798 | D:10     | Noticed a two-headed ogre
 11669 | D:10     | Noticed Harold
 11678 | D:10     | Killed Harold
 11679 | D:10     | Reached skill level 5 in Armour
 12356 | D:11     | Found a staircase to the Orcish Mines.
 12366 | D:11     | Reached * piety under Vehumet
 12366 | D:11     | Offered knowledge of Foxfire by Vehumet.
 12494 | D:11     | Reached XP level 12. HP: 75/75 MP: 12/21
 12650 | D:11     | Identified the +2 ring mail "Onipoboe" {*Slow +Blink Int+3}
 12943 | D:11     | Found a staircase to the Lair.
 13065 | Lair:1   | Entered Level 1 of the Lair of Beasts
 13065 | Lair:1   | Found a runed translucent door.
 13076 | Lair:1   | Noticed Poahonk's ghost (journeyman TrCK)
 13163 | Lair:1   | Offered knowledge of Static Discharge by Vehumet.
 13190 | Lair:1   | Reached ** piety under Vehumet
 13241 | Lair:1   | Reached skill level 5 in Dodging
 13250 | Lair:1   | Slain by a komodo dragon

Illustrated notes

Levels and vault maps discovered:
D:1:      wander_arrival_lonely_grave, layout_loops_ring, fountainhead
D:2:      layout_basic, kennysheep_generic_room_14
D:3:      layout_basic
D:4:      layout_basic, amethyst_overflow_temple_binary,
          minmay_temple_entry_grid, minmay_bisected
D:5:      layout_rooms, fedhas_altar_4, nicolae_qazlal_scattered_showers,
          lightli_sewer_entry_pipes, uniq_duvessa, uniq_sigmund, uniq_menkaure,
          uniq_edmund
D:6:      layout_basic
D:7:      layout_layer_cave, kennysheep_generic_room_16
D:8:      layout_gridville, serial_shops, nicolae_shop_bloodbath_and_beyond,
          shop, uniq_pikel, uniq_erica
D:9:      layout_gridville, bloody_makhleb, lemuel_mausoleum_altar_yredelemnul
D:10:     minmay_polygon_palace, layout_loops_corners, uniq_harold
D:11:     layout_cave_pools, grunt_lair_entry_orc_guard_hut, david_orc_2
Temple:   nicolae_temple_elliptical
Lair:1:   layout_chaotic_city, ebering_ghost_reflecting_pool, minmay_hedge_maze,
          serial_bayou_lagoon_b

Skill      XL: |  1  2  3  4  5  6  7  8  9 10 11 12 |
---------------+-------------------------------------+-----
Transmutations | 1 |  1.1
Earth Magic    | 4 5 6 7 8 9 |  9.3
Stealth        | 3 4 5 7 8 |  8.9
Fighting       | 1 2 4 5 7 8 |  8.9
Conjurations   | 1 3 4 6 |  6.5
Spellcasting   | 3 4 5 6 |  6.0
Dodging        | 3 4 5 |  5.0
Armour         | 3 5 |  5.6
Necromancy     | 2 4 |  4.4
Evocations     | 2 4 |  4.8
Staves         | 3 4 |  4.0

Action                     |  1- 3 |  4- 6 |  7- 9 | 10-12 || total
---------------------------+-------+-------+-------+-------++-------
  Melee: Unarmed           |    20 |       |       |       ||    20
         Dagger            |     9 |     7 |   265 |       ||   281
         Punch             |     1 |       |     2 |     1 ||     4
         Rapier            |       |       |    13 |       ||    13
         Scimitar          |       |       |       |    19 ||    19
         Staff             |       |       |       |    11 ||    11
   Fire: Shortbow          |       |       |    45 |       ||    45
   Cast: Sandblast         |    59 |    57 |    69 |   266 ||   451
         Stone Arrow       |       |       |    24 |    54 ||    78
  Evoke: Wand              |       |       |     2 |    11 ||    13
    Use: Scroll            |       |     9 |     2 |    10 ||    21
         Potion            |       |       |     3 |     3 ||     6
   Stab: Sleeping          |       |       |     6 |       ||     6
         Invisible         |       |       |       |     1 ||     1
 Armour: Robe              |    21 |     4 |       |       ||    25
         Ring mail         |       |    20 |   217 |   165 ||   402
  Dodge: Dodged            |    35 |    24 |   183 |   146 ||   388

Table legend: (Time is in decaauts)
 A = Elapsed time spent in this place.
 B = Non-inter-level travel time spent in this place.
 C = Inter-level travel time spent in this place.
 D = Time resting spent in this place.
 E = Time spent auto-exploring this place.
 F = Levels seen in this place.
 G = Mean time per level.
                   A        B        C        D        E       F      G
               +--------+--------+--------+--------+--------+-----+--------+
         Total |  13569 |  12710 |    859 |    335 |   9874 |  14 |  969.2 |
       Dungeon |  12848 |  12022 |    826 |    335 |   9451 |  11 | 1168.0 |
        Temple |    170 |    137 |     33 |      0 |    121 |   1 |  170.0 |
          Lair |    194 |    194 |      0 |      0 |    120 |   1 |  194.0 |
         Sewer |    356 |    356 |      0 |      0 |    182 |   1 |  356.0 |
               +--------+--------+--------+--------+--------+-----+--------+

Top non-repeatable levels by time:
    D:10: 1614 daAuts
     D:8: 1423 daAuts
     D:7: 1376 daAuts
     D:6: 1287 daAuts
     D:9: 1243 daAuts
     D:3: 1170 daAuts
     D:5: 1089 daAuts
     D:4: 1077 daAuts
     D:1: 983 daAuts
    D:11: 813 daAuts
     D:2: 769 daAuts
   Sewer: 356 daAuts
  Lair:1: 194 daAuts
  Temple: 170 daAuts
